Map: [ESL] Site Delta

Players

ShoWTimE

  • Race: Protoss Protoss
  • Spawn Location: 11:00

HeroMarine - Winner!

  • Race: Terran Terran
  • Spawn Location: 5:00

Event: ESL SC2 Masters 2023 Winter (Finals)

VOD

Have the link to the VOD?

Description

Time

  • Played on: Dec. 16, 2023, 9:38 a.m.
  • Length: 20:48

All games in this series

Show
View Real Time Build Order
Export as new Build Order

ShoWTimE Protoss 

Build Orders: 1 Gate Expand, Phoenix Opening, Blink Stalkers, Colossus Rush 

Get SALT Encoding   

  12  0:00  Probe  
  13  0:12  Probe  
  14  0:17  Pylon  
  14  0:24  Probe (Chrono Boost)  
  15  0:36  Gateway, Probe (Chrono Boost)  
  16  0:44  Probe (Chrono Boost)  
  16  0:45  Assimilator  
  17  0:51  Probe  
  18  1:03  Probe  
  19  1:15  Probe  
  20  1:23  Cybernetics Core  
  20  1:31  Nexus  
  20  1:34  Probe  
  21  1:41  Pylon  
  21  1:46  Probe  
  22  1:48  Assimilator  
  22  1:58  Probe  
  22  1:59  Sentry (Chrono Boost)  
  25  2:10  Warp Gate, Probe  
  25  2:14  Adept (Chrono Boost)  
  26  2:22  Probe, Phoenix  
  29  2:29  Shield Battery  
  29  2:36  Probe (Chrono Boost)  
  30  2:37  Twilight Council  
  30  2:43  Probe (Chrono Boost)  
  31  2:46  Stalker  
  35  2:52  Probe x2 (Chrono Boost)  
  35  2:57  Gateway, Probe (Chrono Boost)  
  35  2:58  Probe  
  37  3:06  Blink (Chrono Boost)  
  37  3:09  Probe  
  37  3:10  Probe  
  39  3:21  Probe  
  39  3:23  Probe  
  41  3:33  Nexus  
  41  3:34  Probe  
  41  3:36  Probe  
  41  3:40  Pylon  
  43  3:45  Probe  
  43  3:46  Robotics Facility  
  44  3:49  Probe  
  44  3:53  Probe  
  44  3:54  Assimilator  
  45  4:01  Probe  
  45  4:02  Probe, Stalker  
  49  4:04  Stalker  
  52  4:11  Pylon  
  52  4:13  Probe  
  52  4:15  Probe  
  54  4:19  Assimilator  
  54  4:29  Probe x2  
  56  4:31  Gateway  
  56  4:32  Pylon  
  56  4:35  Observer  
  56  4:37  Robotics Bay  
  57  4:41  Probe x2  
  57  4:43  Stalker  
  57  4:44  Stalker  
  63  4:46  Probe  
  64  4:53  Probe x2  
  64  4:55  Shield Battery  
  64  4:58  Probe (Chrono Boost)  
  67  5:05  Probe (Chrono Boost)  
  67  5:06  Observer  
  70  5:10  Probe (Chrono Boost)  
  70  5:11  Probe (Chrono Boost)  
  72  5:14  Probe (Chrono Boost)  
  72  5:15  Gateway  
  72  5:16  Probe (Chrono Boost)  
  72  5:18  Sentry x2, Probe (Chrono Boost)  
  72  5:19  Probe  
  78  5:22  Pylon  
  78  5:26  Phoenix  
  80  5:28  Colossus (Chrono Boost)  
  80  5:34  Pylon  
  85  5:41  Forge  
  85  5:42  Forge  
  85  5:45  Pylon  
  85  5:48  Extended Thermal Lance  
  85  5:50  Gateway x2, Stalker  
  85  5:53  Probe x3  
  85  5:55  Pylon  
  90  6:02  Charge  
  90  6:11  Pylon  
  90  6:12  Colossus (Chrono Boost)  
  90  6:15  Zealot x3  
  90  6:17  Pylon  
  102  6:21  Zealot  
  104  6:29  Nexus  
  104  6:30  Probe  
  104  6:32  Pylon, Probe  
  106  6:35  Protoss Ground Armor Level 1 (Chrono Boost), Protoss Ground Weapons Level 1 (Chrono Boost)  
  106  6:39  Pylon  
  106  6:45  Stalker x3  
  112  6:54  Photon Cannon  
  112  6:57  Shield Battery  
  112  6:58  Zealot x2, Shield Battery  
  116  7:04  Probe x3  
  119  7:09  Zealot x4  
  119  7:12  Colossus (Chrono Boost)  
  133  7:22  Probe x3  
  136  7:23  Pylon  
  136  7:27  Shield Battery  
  136  7:30  Stalker x2  
  136  7:34  Pylon, Probe  
  136  7:36  Pylon  
  141  7:41  Probe x2  
  141  7:43  Probe  
  144  7:44  Photon Cannon  
  144  7:46  Probe  
  144  7:50  Pylon  
  145  7:53  Probe x2  
  145  7:55  Stalker, Warp Prism (Chrono Boost), Probe  
  145  7:56  Stalker  
  154  8:05  Probe x3  
  156  8:07  Photon Cannon  
  156  8:08  Pylon  
  157  8:14  Photon Cannon  
  157  8:16  Pylon  
  157  8:17  Robotics Facility, Stalker x3  
  163  8:23  Gateway  
  163  8:25  Gateway  
  163  8:32  Zealot x3  
  167  8:34  Pylon  
  159  8:43  Zealot x2  
  159  8:44  Zealot  
  147  8:53  Probe x2  
  145  8:58  Gateway  
  145  9:00  Gateway  
  145  9:03  Zealot x4  
  145  9:04  Zealot x2  
  145  9:08  Disruptor x2 (Chrono Boost)  
  155  9:10  Protoss Ground Weapons Level 2 (Chrono Boost), Protoss Ground Armor Level 2 (Chrono Boost)  
  155  9:16  Pylon  
  162  9:27  Zealot x4  
  162  9:28  Zealot x4  
  170  9:36  Disruptor  
  172  9:42  Gateway  
  172  9:44  Gateway, Assimilator  
  172  9:45  Assimilator  
  171  9:48  Zealot x2  
  171  9:49  Zealot x5  
  185  9:58  Disruptor  
  189  10:05  Zealot x3  
  195  10:12  Zealot x2  
  199  10:16  Observer  
  197  10:41  Zealot x2  
  196  10:46  Zealot  
  192  10:50  Zealot x2  
  192  10:51  Zealot x3  
  176  11:01  Zealot x5  
  176  11:03  Zealot x6  
  178  11:11  Probe x2  
  179  11:12  Protoss Ground Weapons Level 3 (Chrono Boost)  
  179  11:16  Nexus  
  180  11:22  Stalker x4, Pylon  
  188  11:26  Photon Cannon x2  
  188  11:28  Shield Battery  
  188  11:29  Protoss Ground Armor Level 3 (Chrono Boost), Pylon  
  188  11:35  Pylon  
  188  11:45  Photon Cannon  
  188  11:46  Photon Cannon  
  186  11:48  Photon Cannon  
  186  11:49  Shield Battery  
  184  11:57  Photon Cannon  
  184  12:00  Photon Cannon, Stargate  
  184  12:01  Shield Battery  
  184  12:02  Dark Shrine  
  184  12:05  Pylon  
  184  12:08  Gravitic Drive (Chrono Boost), Zealot x4  
  192  12:16  Disruptor x2 (Chrono Boost)  
  192  12:17  Pylon  
  192  12:19  Pylon  
  197  12:53  Zealot x2  
  197  12:54  Zealot x2  
  197  12:58  Gravitic Boosters  
  192  13:01  Zealot  
  192  13:02  Zealot x5  
  196  13:14  Stalker x2  
  196  13:15  Stalker x4  
  196  13:18  Disruptor x2 (Chrono Boost)  
  190  13:23  Probe x2  
  184  13:31  Shadow Stride  
  184  13:33  Fleet Beacon  
  174  13:37  Stargate  
  174  13:39  Protoss Shields Level 1 (Chrono Boost)  
  174  13:40  Stargate  
  174  13:41  Zealot x12  
  190  13:53  Observer x2 (Chrono Boost)  
  190  13:54  Probe x2  
  194  13:57  Photon Cannon  
  194  13:59  Photon Cannon  
  182  14:14  Stalker x5  
  182  14:15  Zealot x4  
  191  14:39  Dark Templar x2, Protoss Air Weapons Level 1 (Chrono Boost)  
  191  14:40  Dark Templar x2  
  191  14:55  Dark Templar  
  191  14:56  Dark Templar x4  
  191  14:57  Disruptor (Chrono Boost)  
  191  14:59  Disruptor (Chrono Boost)  
  193  15:06  Zealot  
  193  15:07  Zealot x2  
  175  15:15  Zealot x4  
  129  15:30  Dark Templar, Zealot x7  
  129  15:32  Disruptor x2 (Chrono Boost)  
  145  15:37  Zealot x4  
  153  15:45  Assimilator  
  153  15:49  Assimilator  
  153  15:50  Nexus  
  153  15:57  Nexus  
  153  16:00  Colossus x2 (Chrono Boost)  
  159  16:06  Pylon  
  159  16:08  Zealot x9  
  176  16:15  Zealot x3  
  182  16:33  Zealot x4, Stalker x4  
  198  16:44  Zealot x3  
  194  16:49  Zealot, Colossus (Chrono Boost)  
  182  16:58  Colossus (Chrono Boost)  
  188  17:07  Photon Cannon  
  188  17:09  Photon Cannon  
  188  17:11  Shield Battery  
  188  17:19  Dark Templar x6  
  200  17:36  Zealot x3  
  169  17:50  Probe x2  
  169  17:51  Stalker x7  
  161  17:58  Phoenix  
  152  18:04  Dark Templar x4  
  150  18:14  Observer  
  150  18:18  Stalker x2  
  154  18:33  Zealot x4  
  154  18:34  Zealot x2  
  134  18:42  Zealot  
  134  18:43  Zealot x2  
  122  18:48  Zealot x2  
  110  19:02  Stalker x3  
  111  19:07  Observer  
  104  19:15  Stalker  
  98  19:30  Assimilator  
  98  19:36  Zealot x6  
  101  19:51  Zealot x3  
  99  20:06  Zealot x3  
  93  20:21  Stalker  
Show
View Real Time Build Order
Export as new Build Order

HeroMarine Terran - Winner!

Build Orders:  

Get SALT Encoding   

  12  0:00  SCV  
  13  0:12  SCV  
  14  0:16  Supply Depot  
  14  0:24  SCV  
  15  0:38  SCV  
  15  0:39  Barracks  
  16  0:42  Refinery  
  16  0:50  SCV  
  17  1:02  SCV  
  18  1:14  SCV  
  19  1:26  Marine  
  19  1:27  Orbital Command  
  20  1:38  Command Center  
  20  1:45  Barracks Reactor  
  20  1:48  Supply Depot  
  20  1:52  SCV  
  21  2:04  SCV  
  22  2:15  Command Center  
  22  2:21  Marine x2  
  24  2:23  SCV  
  25  2:35  SCV  
  25  2:36  Barracks  
  26  2:38  Marine  
  26  2:39  Marine  
  28  2:47  SCV  
  28  2:49  Orbital Command  
  29  2:57  Barracks  
  29  3:00  SCV  
  29  3:02  Marine  
  29  3:05  Marine  
  32  3:12  SCV  
  33  3:16  SCV  
  34  3:22  Marine  
  34  3:23  Barracks Tech Lab, Marine  
  34  3:24  SCV  
  37  3:28  SCV  
  37  3:29  Orbital Command  
  38  3:36  SCV  
  38  3:41  Stimpack, SCV, Reaper  
  40  3:44  Barracks Tech Lab  
  40  3:46  Refinery  
  42  3:48  SCV  
  42  3:51  Engineering Bay  
  42  3:53  SCV  
  42  3:54  Factory  
  42  3:55  SCV  
  44  4:00  SCV  
  45  4:04  Refinery  
  45  4:06  Marine x2, SCV  
  45  4:07  SCV  
  45  4:08  Marine  
  50  4:12  SCV  
  50  4:16  Marine  
  52  4:18  Terran Infantry Weapons Level 1, SCV  
  52  4:19  SCV  
  52  4:20  Supply Depot  
  54  4:24  SCV, Marine  
  54  4:29  Refinery  
  54  4:30  SCV  
  60  4:31  SCV  
  60  4:34  Marine  
  61  4:38  Barracks  
  61  4:40  Barracks  
  61  4:41  SCV  
  61  4:42  SCV, Marine  
  61  4:44  SCV  
  61  4:45  Starport  
  63  4:46  Factory Reactor  
  63  4:49  Marauder  
  63  4:52  Marauder  
  67  4:54  SCV  
  67  4:55  SCV  
  67  4:56  SCV  
  69  5:00  Marine  
  69  5:03  Supply Depot  
  69  5:04  Supply Depot  
  69  5:09  Combat Shield  
  69  5:10  Marine  
  69  5:11  SCV  
  69  5:12  Marauder  
  69  5:14  Marauder  
  75  5:15  SCV  
  75  5:20  Marine  
  77  5:25  SCV  
  77  5:28  Orbital Command, Marine  
  77  5:29  Medivac x2  
  77  5:30  Barracks Reactor  
  77  5:31  Barracks Tech Lab  
  77  5:33  SCV  
  83  5:37  Factory Tech Lab, Supply Depot, SCV  
  83  5:38  Marauder  
  83  5:40  Marauder  
  88  5:45  Supply Depot  
  88  5:46  SCV  
  88  5:47  Supply Depot  
  88  5:49  SCV  
  90  5:52  Marauder  
  90  5:54  SCV  
  93  5:59  Marauder, Supply Depot  
  93  6:00  SCV  
  93  6:01  SCV  
  93  6:03  Concussive Shells  
  97  6:10  SCV  
  101  6:12  SCV  
  101  6:13  SCV  
  101  6:14  Medivac x2  
  107  6:20  Terran Infantry Armor Level 1, Supply Depot  
  107  6:22  SCV  
  107  6:24  Marauder, Refinery  
  107  6:25  Refinery  
  110  6:26  Marauder  
  110  6:27  Marauder  
  110  6:30  SCV x2  
  116  6:34  SCV  
  116  6:38  Bunker, Marine x4  
  116  6:39  Supply Depot  
  118  6:42  Factory Reactor, SCV x2  
  118  6:46  SCV, Medivac x2  
  125  6:54  SCV x2  
  125  6:55  Supply Depot  
  125  6:57  Marauder  
  125  6:58  Marauder x2  
  133  7:01  Supply Depot  
  133  7:05  Ghost Academy  
  133  7:10  Marine  
  133  7:11  Marine  
  132  7:16  Medivac x2  
  132  7:17  Marine  
  132  7:18  Missile Turret  
  132  7:19  Marauder x3  
  141  7:24  Widow Mine x2  
  141  7:26  SCV  
  141  7:28  Command Center  
  135  7:37  Marine x3  
  135  7:38  Marine  
  135  7:40  Ghost x3  
  145  7:46  Widow Mine x2  
  149  7:52  Medivac x2  
  149  7:54  Missile Turret  
  149  7:56  Marine  
  149  7:57  Marine x3, Supply Depot  
  157  8:00  Supply Depot  
  157  8:03  Missile Turret  
  156  8:13  Supply Depot  
  156  8:17  Widow Mine  
  156  8:18  Widow Mine, Marauder x3  
  156  8:19  Armory  
  165  8:25  Marine x4  
  169  8:38  Widow Mine  
  169  8:40  Widow Mine, Marauder x3  
  176  8:47  Marine x3  
  168  8:55  SCV x3  
  164  8:57  Engineering Bay  
  164  8:59  Widow Mine  
  164  9:00  Barracks  
  164  9:01  Barracks, Widow Mine, Marauder x3  
  174  9:03  Barracks, Marine  
  174  9:05  Marine  
  174  9:07  Terran Infantry Weapons Level 2  
  174  9:09  Terran Ship Weapons Level 1  
  176  9:11  Viking x2  
  180  9:18  Marine x2  
  180  9:19  Starport  
  180  9:20  SCV x3  
  180  9:21  Marine  
  180  9:23  Marine, Marauder x3  
  191  9:34  Terran Infantry Armor Level 2  
  187  9:41  Viking x2  
  187  9:42  Planetary Fortress  
  187  9:44  Marauder x2  
  195  9:47  Barracks Reactor  
  195  9:48  Supply Depot  
  195  9:49  Barracks Tech Lab  
  195  9:50  Barracks Tech Lab  
  195  9:59  Missile Turret  
  195  10:10  Marauder  
  195  10:11  Viking  
  199  10:15  Missile Turret  
  199  10:16  Command Center  
  199  10:29  Command Center  
  199  10:33  Marauder  
  198  10:38  Marauder  
  199  10:47  Marauder  
  196  10:51  Marauder  
  191  11:04  Ghost x2, Marauder  
  141  11:07  Marine x6  
  141  11:08  Viking x2  
  141  11:09  Viking x2, Marauder  
  153  11:12  Terran Ship Weapons Level 2  
  153  11:13  Marauder  
  155  11:21  Barracks  
  155  11:22  Barracks  
  155  11:24  Marine  
  155  11:25  Marauder, Marine x5  
  161  11:26  Personal Cloaking  
  161  11:29  Ghost  
  165  11:33  Ghost  
  165  11:34  Marauder x2  
  165  11:38  Sensor Tower  
  165  11:39  Terran Infantry Weapons Level 3  
  171  11:42  Marine x2  
  171  11:43  Marine x4  
  171  11:46  Ghost  
  179  11:48  Viking  
  179  11:49  Viking, Medivac  
  185  11:54  Marine  
  185  11:55  Marine  
  185  11:58  Marine  
  185  12:00  Marine x2  
  190  12:01  Marine  
  190  12:02  Marauder  
  190  12:04  Missile Turret  
  190  12:05  Missile Turret  
  190  12:08  Terran Infantry Armor Level 3  
  193  12:12  Missile Turret  
  193  12:13  Barracks Tech Lab x2, Marauder x2  
  193  12:15  Marauder, Marine  
  200  12:35  Ghost  
  199  12:51  Marauder  
  198  12:58  Marine x2, Marauder  
  198  13:00  Planetary Fortress  
  198  13:03  Fusion Core, Command Center, Marauder  
  198  13:05  Refinery  
  187  13:06  Refinery  
  183  13:15  Marauder  
  181  13:22  Marauder  
  181  13:23  Medivac x2  
  184  13:28  Medivac x2  
  184  13:29  Marauder x2  
  184  13:30  Marauder x3  
  190  13:37  Marauder  
  186  13:43  Caduceus Reactor, Marauder  
  188  13:50  Ghost x2, Command Center  
  188  13:51  Marauder x3, Marine x2  
  200  13:56  Missile Turret  
  188  14:13  Marauder  
  188  14:16  Marauder x2, Marine x2  
  179  14:18  Marauder  
  179  14:20  Marauder  
  179  14:21  Marine  
  179  14:22  Orbital Command, Marauder x2, Marine  
  179  14:23  Marine x2  
  189  14:34  Marine x2  
  189  14:37  Ghost, Marauder  
  193  14:39  Sensor Tower  
  193  14:40  Marauder  
  193  14:41  Marauder  
  195  14:46  Marine  
  195  14:47  Marauder x2  
  195  14:52  Marauder  
  178  15:04  Ghost  
  178  15:05  Marauder  
  179  15:08  Marauder, Marine x2  
  179  15:09  Marine, Marauder  
  179  15:11  Ghost x2  
  179  15:12  Marine x3  
  179  15:13  Marauder  
  195  15:16  Advanced Ballistics  
  195  15:17  Orbital Command  
  182  15:26  Marine x3, Marauder  
  163  15:29  Marine x3  
  163  15:30  Marine x2  
  163  15:33  Marauder  
  163  15:34  Marine  
  167  15:37  Medivac x4  
  167  15:40  Marauder  
  167  15:42  Orbital Command  
  177  15:43  Marauder  
  177  15:47  Marauder  
  181  15:50  Marauder  
  181  15:51  Marauder  
  181  15:56  Marauder  
  187  16:00  Ghost  
  187  16:01  Ghost  
  191  16:06  Ghost  
  191  16:10  Marauder  
  195  16:13  Liberator  
  198  16:24  Liberator  
  199  16:29  Command Center  
  190  16:51  Ghost x2  
  190  16:52  Marauder  
  190  16:53  Marauder x2, Marine x2  
  185  16:59  Ghost  
  185  17:00  Liberator, Ghost  
  185  17:01  Liberator x2  
  190  17:07  Liberator  
  193  17:14  Marauder  
  195  17:18  Ghost  
  195  17:19  Marauder  
  195  17:21  Marine  
  198  17:38  Marauder  
  198  17:43  Liberator x2  
  192  17:46  Marauder  
  192  17:47  Marauder  
  192  17:48  Marauder x2  
  192  17:49  Marine  
  194  17:59  Marauder  
  194  18:02  Marauder x2  
  194  18:04  Marine x3  
  192  18:08  Marauder x2  
  193  18:16  Liberator x2  
  193  18:19  Missile Turret  
  199  18:31  Missile Turret  
  169  18:42  Marauder  
  169  18:45  Marauder  
  169  18:46  Marauder, Marine x4  
  164  18:51  Marauder  
  164  18:53  Marauder  
  164  18:54  Viking x2  
  168  19:01  Marauder  
  168  19:02  Marauder  
  153  19:04  Liberator x2  
  153  19:10  Ghost x2  
  153  19:11  Marauder  
  153  19:15  Marauder, Marine x2  
  153  19:16  Marauder  
  153  19:22  Marine  
  153  19:23  Marine, Marauder  
  153  19:24  Liberator, Marauder  
  151  19:29  Marine  
  151  19:32  Marauder  
  151  19:36  Marauder  
  151  19:37  SCV  
  151  19:38  SCV  
  146  19:47  Viking  
  146  19:51  Marauder  
  146  19:52  Marine  
  134  19:54  Marauder  
  134  19:56  Marine x2  
  134  19:59  Planetary Fortress  
  135  20:00  Marauder  
  135  20:01  Marauder  
  135  20:04  Marauder  
  140  20:11  Marauder  
  133  20:17  Marine x2, Marauder  
  138  20:21  Marauder x2  
  138  20:22  Marine x6  
  138  20:25  Marine  
Tags
 
Add a new tag
Caveats
  • Supply blocks, unpowered buildings, or Contaminate may cause inaccurate times.
  • Supply counts are checked every 10 seconds.